 Dungeon Crawl Stone Soup version 0.28-a0-595-g9f6c0e134a (webtiles) character file.

Game seed: 2907013889335796519

31623 lunkers the Brawler (level 13, 0/133 HPs)
             Began as a Troll Cinder Acolyte on Sept 30, 2021.
             Was a High Priest of Ignis.
             Slain by a black mamba (7 damage)
             ... on level 6 of the Lair of Beasts on Oct 4, 2021.
             The game lasted 00:35:45 (11860 turns).

lunkers the Brawler (Troll Cinder Acolyte)         Turns: 11860, Time: 00:35:46

Health: 0/133      AC: 14    Str: 25    XL:     13   Next: 27%
Magic:  13/13      EV:  8    Int: 10    God:    Ignis [*****.]
Gold:   499        SH:  9    Dex:  9    Spells: 12/14 levels left

rFire   + + .      SeeInvis +     - Unarmed
rCold   . . .      Faith    .   w - +0 kite shield
rNeg    . . .      Spirit   .   C - +0 troll leather armour
rPois   .          Reflect  .   A - +2 hat
rElec   +          Harm     .   j - +1 cloak
rCorr   .          Rampage  .   (gloves unavailable)
Will    +....                   (boots unavailable)
Stlth   +.........              e - amulet of regeneration
HPRegen 3.32/turn               b - ring of Xedes {rElec rF+ Will+ SInv}
MPRegen 0.13/turn               H - +4 ring of protection

@: lethally poisoned (0 -> -1), about to teleport, marked, slowed, very slow
A: large, unfitting armour, claws 3, regeneration 1, shaggy fur 1, tough skin 1
a: Renounce Religion, Sea of Fire, Foxfire Swarm, Rising Flame


You were on level 6 of the Lair of Beasts.
You worshipped Ignis.
Ignis was extremely pleased with you.
You visited 2 branches of the dungeon, and saw 16 of its levels.
You visited 1 bazaar.

You collected 1169 gold pieces.
You spent 670 gold pieces at shops.

Inventory:

Missiles
 a - 80 stones (quivered)
Armour
 j - a +1 cloak (worn)
 w - a +0 kite shield (worn)
 A - a +2 hat (worn)
 C - a +0 troll leather armour (worn)
Jewellery
 b - the ring of Xedes (left claw) {rElec rF+ Will+ SInv}
   (You acquired it on level 5 of the Dungeon)

   [ring of see invisible]

   rF:        It protects you from fire.
   rElec:     It insulates you from electricity.
   SInv:      It lets you see invisible.
   Will:      It increases your willpower.
 e - an amulet of regeneration (around neck)
 q - a ring of resist corrosion
 r - a ring of protection from fire
 H - a +4 ring of protection (right claw)
 I - a +6 ring of strength
 K - a +6 ring of dexterity
Wands
 c - a wand of flame (60)
 o - a wand of polymorph (6)
 s - a wand of acid (26)
 v - a wand of mindburst (4)
 x - a wand of iceblast (4)
 F - a wand of paralysis (9)
Scrolls
 f - 2 scrolls of fog
 i - a scroll of brand weapon
 l - 2 scrolls of fear
 t - 5 scrolls of amnesia
 u - a scroll of holy word
 y - 3 scrolls of teleportation
 B - 4 scrolls of enchant weapon
 D - a scroll of summoning
 E - 6 scrolls of identify
 G - a scroll of enchant armour
Potions
 d - 7 potions of curing
 g - 2 potions of flight
 h - 6 potions of haste
 k - 2 potions of invisibility
 m - 2 potions of might
 n - 2 potions of resistance
 p - a potion of brilliance
 z - 6 potions of heal wounds
 J - a potion of magic {unknown}


   Skills:
 + Level 9.8 Fighting
 * Level 8.3 Shields
 * Level 15.9 Unarmed Combat
 - Level 1.0 Spellcasting
 - Level 2.1 Fire Magic
 + Level 5.7 Evocations


You had 12 spell levels left.
You knew the following spells:

 Your Spells              Type           Power      Damage    Failure   Level
b - Scorch                Fire           8%         2d5       28%         2

Your spell library contained the following spells:

 Spells                   Type           Power      Damage    Failure   Level
 Shock                    Conj/Air       0%         1d3       41%         1
 Sting                    Tmut/Pois      0%         1d3       41%         1
 Blink                    Tloc           N/A        N/A       56%         2
 Ensorcelled Hibernation  Hex/Ice        0%         N/A       56%         2
 Poisonous Vapours        Pois/Air       0%         N/A       56%         2
 Ignite Poison            Fire/Tmut/Pois 1%         N/A       71%         3
 Gell's Gravitas          Tloc           0%         N/A       80%         3
 Lesser Beckoning         Tloc           0%         N/A       80%         3
 Mephitic Cloud           Conj/Pois/Air  0%         N/A       80%         3
 Ozocubu's Armour         Ice            0%         N/A       80%         3
 Summon Guardian Golem    Hex/Summ       0%         N/A       80%         3
 Swiftness                Air            0%         N/A       80%         3
 Teleport Other           Tloc           0%         N/A       80%         3
 Tukima's Dance           Hex            0%         N/A       80%         3
 Airstrike                Air            0%         N/A       99%         4
 Hailstorm                Conj/Ice       0%         3d3       99%         4
 Ice Form                 Ice/Tmut       0%         N/A       99%         4
 Olgreb's Toxic Radiance  Pois           0%         N/A       99%         4
 Fireball                 Conj/Fire      1%         3d3       100%        5
 Freezing Cloud           Conj/Ice/Air   0%         6-21      100%        5
 Iskenderun's Battlesphe  Conj           0%         2d6       100%        5
 Manifold Assault         Tloc           0%         N/A       100%        5
 Metabolic Englaciation   Hex/Ice        0%         N/A       100%        5
 Conjure Ball Lightning   Conj/Air       0%         3x3d6     100%        6
 Dispersal                Tloc           0%         N/A       100%        6
 Simulacrum               Ice/Necr       0%         N/A       100%        6
 Orb of Destruction       Conj           0%         N/A       100%        7
 Spellforged Servitor     Conj/Summ      0%         N/A       100%        7


Dungeon Overview and Level Annotations

Branches:
Dungeon (11/15)            Temple (0/1) D:7            Lair (6/6) D:11
  Swamp (0/4) Lair:3          Orc (0/2) D:9
  Snake: Lair:2-4    Spider: Lair:2-4     Slime: Lair:5-6

Altars:
Fedhas
Hepliaklqana

Annotations:
Lair:6 exclusion: 2 oklob plants


Innate Abilities, Weirdness & Mutations

You are too large for most types of armour.
You have claws for hands.
Your natural rate of healing is unusually fast.
You are covered in fur. (AC +1)
You have tough skin. (AC +1)


Message History

You feel very sick. The cane toad stings you.
* * * LOW HITPOINT WARNING * * *
You are more poisoned.
The cane toad poisons you!
You mangle the cane toad!!
You kill the cane toad!
You feel very sick.
You feel extremely sick.
A guardian serpent comes into view.
You see here a cane toad corpse.
A black mamba comes into view.
You feel very sick.
A black mamba comes into view.
The guardian serpent casts a spell at you.
The bolt of poison hits you.
You are more poisoned.
* * * LOW HITPOINT WARNING * * *
The guardian serpent casts a spell at you.
You feel yourself slow down.
You feel extremely sick.
A blink frog comes into view.
A cane toad comes into view.
Unknown command.
As you read the scroll of teleportation, it crumbles to dust.
You feel strangely unstable.
You feel extremely sick.
A water moccasin comes into view.
A blink frog comes into view.
You feel very sick. The black mamba barely misses you.
A water moccasin comes into view.
The black mamba closely misses you. The guardian serpent hits you.
* * * LOW HITPOINT WARNING * * *
You feel very sick.
A black mamba comes into view.
The black mamba bites you!
* * * LOW HITPOINT WARNING * * *
The black mamba bites you.
* * * LOW HITPOINT WARNING * * *
The black mamba bites you!
You die...

#### ###.###.#..#########.#.#
....###....P#..#..#.....P.#...
....................<....P....
...........................P..
..........†..................#
............................##
........(...................##
...(........S..............##.
......†F.F.FS@................
.......SS...S..............##.
.....##..†.....##..P........##
..P.. #..P..P..#...P....(.†###
##.. ##......##...†##.....###
## #......#....###......#.
##....##...##..........
#....#...##...........
##..##..##....P....###


You could see a guardian serpent, 2 black mambas, a cane toad, 2 blink frogs and
2 water moccasins.

Vanquished Creatures
  Gastronok (D:10)
  4 hydras
  A catoblepas (Lair:6)
  A two-headed ogre (D:10)
  A lindwurm (Lair:4)
  A wolf spider (Lair:6)
  3 elephants (Lair:4)
  3 black mambas (Lair:6)
  15 cane toads
  A rime drake (Lair:4)
  4 komodo dragons
  A tengu conjurer (D:11)
  3 trolls
  A meliai (Lair:4)
  A polar bear (Lair:6)
  A hornet (Lair:6)
  5 blink frogs
  Prince Ribbit (D:7)
  A shadow (D:11)
  A redback (Lair:6)
  A basilisk (Lair:4)
  26 yaks
  Eustachio (D:3)
  Grum (Lair:1)
  8 wyverns
  An acid dragon (D:11)
  A swamp worm (Lair:3)
  18 water moccasins
  Duvessa (D:7)
  3 ice beasts
  A sky beast (D:6)
  A black bear (D:5)
  9 orc warriors
  A necrophage (D:7)
  2 ogres
  19 wolves
  6 centaurs
  2 phantoms
  A gnoll sergeant (D:9)
  2 kobold brigands
  18 bullfrogs
  Dowan (D:7)
  10 killer bees (Lair:4)
  2 howler monkeys
  4 wights (D:9)
  A bullfrog zombie (D:7)
  4 centaur zombies
  10 hounds
  10 orc priests
  A jelly (D:6)
  A centaur skeleton (D:4)
  Crazy Yiuf (D:6)
  3 gnoll shamans
  2 iguanas
  Terence (D:3)
  2 hell rats (Lair:3)
  11 orc wizards
  A killer bee zombie (D:9)
  A howler monkey skeleton (D:5)
  3 howler monkey zombies
  12 gnolls
  4 adders
  11 river rats (Lair:3)
  2 shadow imps (D:7)
  A white imp (D:8)
  A worm (D:3)
  4 dart slugs
  34 orcs
  9 ball pythons
  4 endoplasms
  4 giant cockroaches
  6 goblins
  11 hobgoblins
  2 jackals (D:3)
  38 kobolds
  3 quokkas
  5 bats
  3 frilled lizards
  4 rats
400 creatures vanquished.

Vanquished Creatures (others)
  A killer bee (Lair:4)
  17 fungi
  45 plants
63 creatures vanquished.

Grand Total: 463 creatures vanquished

Notes
Turn   | Place    | Note
-------+----------+-------------------------------------------
     0 | D:1      | lunkers the Troll Cinder Acolyte began the quest for the
                  | Orb.
     0 | D:1      | Reached XP level 1. HP: 22/22 MP: 1/1
   130 | D:1      | Reached XP level 2. HP: 29/29 MP: 2/2
   620 | D:1      | Found a faded altar of an unknown god.
   727 | D:2      | Reached XP level 3. HP: 36/36 MP: 3/3
   742 | D:2      | Found a hazy altar of Hepliaklqana.
   842 | D:2      | Reached skill level 4 in Unarmed Combat
  1898 | D:3      | Noticed Terence
  1909 | D:3      | Killed Terence
  1910 | D:3      | Reached XP level 4. HP: 45/45 MP: 4/4
  2200 | D:4      | Noticed Eustachio
  2237 | D:4      | Reached skill level 5 in Unarmed Combat
  2237 | D:4      | Reached XP level 5. HP: 51/53 MP: 5/5
  2308 | D:3      | Killed Eustachio
  2309 | D:3      | Reached XP level 6. HP: 55/62 MP: 6/6
  2312 | D:3      | Learned a level 2 spell: Scorch
  2344 | D:4      | Reached skill level 6 in Unarmed Combat
  2559 | D:4      | Upgraded the game from 0.28-a0-563-gf77a47075d to
                  | 0.28-a0-595-g9f6c0e134a
  2748 | D:5      | Entered Level 5 of the Dungeon
  2755 | D:5      | Reached skill level 7 in Unarmed Combat
  2755 | D:5      | Reached XP level 7. HP: 68/71 MP: 7/7
  3002 | D:5      | Reached skill level 8 in Unarmed Combat
  3012 | D:5      | HP: 3/71 [something (3)]
  3022 | D:5      | Reached skill level 5 in Fighting
  3152 | D:5      | Reached XP level 8. HP: 80/80 MP: 8/8
  3309 | D:5      | Identified a scroll of acquirement
  3309 | D:5      | Acquired the ring of Xedes {rElec rF+ Will+ SInv}
  3425 | D:6      | Found a runed translucent door.
  3426 | D:6      | Noticed Crazy Yiuf
  3473 | D:6      | Killed Crazy Yiuf
  3514 | D:6      | Reached skill level 9 in Unarmed Combat
  3668 | D:6      | Reached skill level 10 in Unarmed Combat
  3675 | D:6      | Reached XP level 9. HP: 86/89 MP: 9/9
  4411 | D:7      | Reached skill level 11 in Unarmed Combat
  4443 | D:7      | Found a staircase to the Ecumenical Temple.
  4464 | D:7      | Noticed Prince Ribbit
  4465 | D:7      | Noticed Duvessa
  4465 | D:7      | Noticed Dowan
  4475 | D:7      | Killed Duvessa
  4490 | D:7      | Killed Dowan
  4635 | D:7      | Reached skill level 12 in Unarmed Combat
  4708 | D:7      | Killed Prince Ribbit
  5111 | D:8      | Reached XP level 10. HP: 99/102 MP: 10/10
  5188 | D:8      | Found a blossoming altar of Fedhas.
  5704 | D:9      | Reached skill level 1 in Evocations
  5852 | D:9      | Found a staircase to the Orcish Mines.
  6616 | D:10     | Entered Level 10 of the Dungeon
  6622 | D:10     | Noticed Gastronok
  6638 | D:10     | Killed Gastronok
  6639 | D:10     | Reached skill level 13 in Unarmed Combat
  6786 | D:10     | Noticed a two-headed ogre
  6795 | D:10     | Killed a two-headed ogre
  6796 | D:10     | Reached XP level 11. HP: 87/111 MP: 11/11
  7529 | D:11     | Found a staircase to the Lair.
  7711 | D:11     | Found a gateway to a bazaar.
  7728 | Bazaar   | Entered a bazaar
  7748 | Bazaar   | Found Qah Foma's General Store.
  7764 | Bazaar   | Found Teinlyrr's Assorted Antiques.
  7780 | Bazaar   | Found Fexunour's Distillery.
  7780 | Bazaar   | Found Sieschedgh's Weapon Shoppe.
  7802 | Bazaar   | Found Leggumia's General Store.
  7845 | Bazaar   | Bought a potion of haste for 60 gold pieces
  7845 | Bazaar   | Bought 2 potions of heal wounds for 60 gold pieces
  7871 | Bazaar   | Bought a potion of heal wounds for 45 gold pieces
  7871 | Bazaar   | Bought a potion of resistance for 90 gold pieces
  7873 | Bazaar   | Bought a potion of curing for 27 gold pieces
  7908 | Bazaar   | Bought a potion of heal wounds for 60 gold pieces
  7908 | Bazaar   | Bought 14 stones for 16 gold pieces
  7908 | Bazaar   | Bought a scroll of teleportation for 36 gold pieces
  7928 | Bazaar   | Bought a potion of curing for 36 gold pieces
  7928 | Bazaar   | Bought 2 potions of haste for 240 gold pieces
  8279 | Lair:1   | Entered Level 1 of the Lair of Beasts
  8283 | Lair:1   | Noticed Grum
  8315 | D:11     | Reached skill level 14 in Unarmed Combat
  8371 | Lair:1   | Killed Grum
  8449 | Lair:1   | Reached skill level 5 in Shields
  8914 | Lair:1   | Reached XP level 12. HP: 84/122 MP: 12/12
  9466 | Lair:1   | Noticed a six-headed hydra
  9476 | Lair:1   | Noticed a five-headed hydra
  9478 | Lair:1   | Killed a six-headed hydra
  9486 | Lair:1   | Killed a five-headed hydra
  9843 | Lair:2   | Reached skill level 15 in Unarmed Combat
 10215 | Lair:2   | Noticed a seven-headed hydra
 10222 | Lair:2   | Killed a seven-headed hydra
 10687 | Lair:3   | Identified the +0 flail of the Open Hand {vorpal, rC+ Str+3
                  | Int+3 Dex-5}
 10787 | Lair:3   | Reached skill level 5 in Evocations
 10975 | Lair:3   | Noticed a four-headed hydra
 10980 | Lair:3   | Killed a four-headed hydra
 11022 | Lair:3   | Found a staircase to the Swamp.
 11476 | Lair:4   | You fall into a shaft and drop 2 floors!
 11476 | Lair:6   | Entered Level 6 of the Lair of Beasts
 11507 | Lair:6   | Reached XP level 13. HP: 102/131 MP: 13/13
 11860 | Lair:6   | Slain by a black mamba

Illustrated notes

Levels and vault maps discovered:
D:1:      lemuel_arrival_funnel, layout_loops_ring,
          shapermc_ecumenical_altar_mp_urbaneastern
D:2:      layout_basic, basic_altar, kennysheep_pointless_box,
          minmay_pentomino_w2
D:3:      layout_basic, uniq_terence
D:4:      layout_rooms, hangedman_abyss_or_decor_lesser_grid,
          small_statue_intersection, uniq_eustachio
D:5:      layout_rooms, hex_tiny
D:6:      layout_loops_corners, uniq_crazy_yiuf_cottage
D:7:      kennysheep_kobold_camp, layout_rooms, minmay_temple_entry_hall,
          minmay_misc_feat_secret_circle, uniq_prince_ribbit1, uniq_duvessa
D:8:      layout_loops_cross, lemuel_crystal_altar
D:9:      kennysheep_housing_project, layout_cave_pools, orc_0_dummy,
          onia_ninara_dug_in_and_dangerous
D:10:     layout_small_grid, minmay_misc_feat_tower, uniq_gastronok
D:11:     layout_basic, david_lair_shrubbed, serial_shops, bzr_in_the_mist
Lair:1:   layout_cave_pods, grunt_forest_small_clearings, beast_lair_carwin_4,
          grunt_megastairs_2, uniq_grum
Lair:2:   layout_cave_pods
Lair:3:   layout_roguey, minmay_swamp_entry_worms, kennysheep_rathole
Lair:4:   regret_index_bee_streams, layout_hall_layers,
          spider_nest_entry_web_field, special_room [special_room_mythical_zoo],
          beast_lair_carwin_9, infiniplex_staircase_pool_2, lemuel_fruit_fields
Lair:6:   hangedman_lair_tendril_chambers, layout_regular_city,
          guppyfry_lair_end_dragon, minmay_slime_entry_oklob_enclosed,
          serial_bayou_pond_e

Skill      XL: |  1  2  3  4  5  6  7  8  9 10 11 12 13 |
---------------+----------------------------------------+-----
Unarmed Combat | 4 5 7 8 10 12 13 14 15 | 15.9
Fighting       | 3 4 5 6 7 8 9 |  9.8
Evocations     | 2 4 5 |  5.7
Shields        | 2 5 7 8 |  8.3
Spellcasting   | |  1.0
Fire Magic     | |  2.1

Action                   |  1- 3 |  4- 6 |  7- 9 | 10-12 | 13-15 || total
-------------------------+-------+-------+-------+-------+-------++-------
Melee: Unarmed           |   110 |    98 |   297 |   737 |   112 ||  1354
       Punch             |       |     1 |     4 |     3 |       ||     8
Throw: Stone             |       |       |       |    30 |     2 ||    32
Evoke: Wand              |       |       |       |    30 |       ||    30
  Use: Scroll            |     1 |     2 |    16 |     7 |     1 ||    27
       Potion            |     1 |       |     3 |     1 |       ||     5
 Stab: Petrified         |       |       |       |       |     3 ||     3
Armor: Robe              |    37 |    36 |    90 |    57 |       ||   220
       Troll leather arm |       |       |       |   299 |    34 ||   333
Dodge: Dodged            |    64 |    56 |   119 |   271 |    32 ||   542
Block: Kite shield       |       |       |       |   283 |    32 ||   315

Table legend: (Time is in decaauts)
 A = Elapsed time spent in this place.
 B = Non-inter-level travel time spent in this place.
 C = Inter-level travel time spent in this place.
 D = Time resting spent in this place.
 E = Time spent auto-exploring this place.
 F = Levels seen in this place.
 G = Mean time per level.
                   A        B        C        D        E       F      G
               +--------+--------+--------+--------+--------+-----+--------+
         Total |  11657 |  11218 |    439 |    272 |   8186 |  17 |  685.7 |
       Dungeon |   8077 |   7760 |    317 |    236 |   5748 |  11 |  734.3 |
          Lair |   3326 |   3204 |    122 |     36 |   2345 |   5 |  665.2 |
        Bazaar |    253 |    253 |      0 |      0 |     93 |   1 |  253.0 |
               +--------+--------+--------+--------+--------+-----+--------+

Top non-repeatable levels by time:
  Lair:1: 1136 daAuts
     D:6: 912 daAuts
    D:11: 907 daAuts
     D:9: 890 daAuts
  Lair:2: 862 daAuts
     D:2: 833 daAuts
     D:7: 745 daAuts
     D:3: 722 daAuts
  Lair:3: 696 daAuts
     D:1: 686 daAuts
     D:8: 672 daAuts
    D:10: 658 daAuts
     D:5: 556 daAuts
     D:4: 490 daAuts
  Lair:6: 354 daAuts
